 Dungeon Crawl Stone Soup version 0.30.1-11-g7821555f0a (webtiles) character file.

Game seed: 13174088404113838826

90 fireball365 the Trooper (level 4, 0/45 HPs)
             Began as a Hill Orc Fighter on Dec 14, 2023.
             Slain by a water moccasin (4 damage)
             ... on level 3 of the Dungeon.
             The game lasted 00:03:12 (1711 turns).

fireball365 the Trooper (Hill Orc Fighter)          Turns: 1711, Time: 00:03:13

Health: 0/45       AC:  9    Str: 20    XL:     4   Next: 56%
Magic:  4/4        EV: 12    Int: 14    God:
Gold:   174        SH:  4    Dex: 10    Spells: 3/3 levels left

rFire   . . .        a - +0 war axe
rCold   . . .        c - +0 buckler
rNeg    . . .        f - +0 chain mail
rPois   .            (no helmet)
rElec   .            (no cloak)
rCorr   .            (no gloves)
SInv    .            (no boots)
Will    +....        (no amulet) Stlth
                     m - +5 ring of evasion
HPRegen 0.27/turn    o - +6 ring of intelligence
MPRegen 0.09/turn

%: no passive effects
@: no status effects
A: hooves 1, strong-willed 1, robust 1
a: no special abilities


You were on level 3 of the Dungeon.
You visited 1 branch of the dungeon, and saw 3 of its levels.

You collected 174 gold pieces.

Inventory:

Hand Weapons
 a - a +0 war axe (weapon)
Missiles
 h - a throwing net (quivered)
 s - 2 boomerangs
Armour
 b - a +0 scale mail
 c - a +0 buckler (worn)
 f - a +0 chain mail (worn)
Jewellery
 k - an amulet of faith
 m - a +5 ring of evasion (left hand)
 o - a +6 ring of intelligence (right hand)
Scrolls
 e - a scroll of identify {unknown}
 g - a scroll of immolation {unknown}
 i - a scroll of fear
 n - a scroll of amnesia {unknown}
 r - a scroll of torment {unknown}
Potions
 d - a potion of might
 j - a potion of attraction {unknown}
 p - a potion of cancellation {unknown}
 q - a potion of mutation


   Skills:
 + Level 4.4 Fighting
 + Level 3.8 Axes
 + Level 4.1 Armour
 + Level 0.1 Dodging
 + Level 3.8 Shields


You had 3 spell levels left.
You didn't know any spells.
Your spell library contained the following spells:

 Spells                   Type           Power      Damage    Failure   Level
 Slow                     Hex            0%         N/A       95%         1
 Confusing Touch          Hex            0%         N/A       100%        3
 Vampiric Draining        Necr           0%         2d6       100%        3


Dungeon Overview and Level Annotations

Branches:
Dungeon (3/15)

Altars:
Uskayaw


Innate Abilities, Weirdness & Mutations

You have large cloven feet.
You are strong-willed. (Will+)
You are robust. (+10% HP)


Message History

You feel sick. The water moccasin bites you.
You are more poisoned.
The water moccasin poisons you! The water moccasin barely misses you.
You barely miss the water moccasin.
The water moccasin is moderately wounded.
You hit the giant cockroach but do no damage.
You feel very sick. The giant cockroach barely misses you.
The water moccasin bites you but does no damage.
You block the giant cockroach's attack. The water moccasin bites you.
You closely miss the water moccasin.
The water moccasin is moderately wounded.
You barely miss the giant cockroach.
* * * LOW HITPOINT WARNING * * *
You feel very sick. The water moccasin bites you.
* * * LOW HITPOINT WARNING * * *
The giant cockroach closely misses you.
The water moccasin bites you but does no damage.
The giant cockroach barely misses you.
It was a potion of mutation.
You feel extremely strange.
Your feet thicken and deform.
You feel robust.
You feel strong-willed.
* * * LOW HITPOINT WARNING * * *
You feel sick. You block the water moccasin's attack.
The giant cockroach closely misses you.
It was a potion of curing.
You feel better. The water moccasin barely misses you.
The giant cockroach bites you.
* * * LOW HITPOINT WARNING * * *
The water moccasin bites you!
* * * LOW HITPOINT WARNING * * *
You hit the water moccasin. You kick the water moccasin.
The water moccasin is heavily wounded.
You hit the giant cockroach.
You kill the giant cockroach!
You block the water moccasin's attack.
You barely miss the water moccasin.
You kick the water moccasin, but do no damage.
The water moccasin is heavily wounded.
The water moccasin misses you. The water moccasin bites you.
You die...

... .....# ##### .... ..(...
...# #.... ... ###.#. #.# ..
.......##.###.... .
........†....... .####
.##.......@####.#. .....
.....##.)S....... .... #
#...##...####..### ...
#.##...##...# #..#.# #..
#......##...# #..#.# #.# ##
#.....(..####..#.###.##
...##.#.##..).....<.......#
........###............)..###
...##.#.###..##.#.......^....


You could see a water moccasin.

Vanquished Creatures
  A gnoll (D:1)
  2 adders (D:2)
  2 worms (D:2)
  An orc (D:3)
  4 ball pythons (D:2)
  6 bats
  2 endoplasms (D:1)
  3 giant cockroaches
  6 goblins
  A hobgoblin (D:2)
  8 jackals
  5 kobolds
  3 quokkas
  5 frilled lizards
  2 rats
51 creatures vanquished.

Notes
Turn   | Place    | Note
-------+----------+-------------------------------------------
     0 | D:1      | fireball365 the Hill Orc Fighter began the quest for the
                  | Orb.
     0 | D:1      | Reached XP level 1. HP: 19/19 MP: 1/1
    82 | D:1      | Reached XP level 2. HP: 23/27 MP: 2/2
   158 | D:1      | Reached XP level 3. HP: 22/33 MP: 3/3
   780 | D:2      | Found a faded altar of an unknown god.
   898 | D:2      | Reached XP level 4. HP: 39/41 MP: 4/4
  1234 | D:2      | Found a hide-covered altar of Uskayaw.
  1521 | D:2      | Identified the staff of poison "Liklap" {rPois rF+}
  1694 | D:3      | Noticed a water moccasin
  1708 | D:3      | Gained mutation: You have large cloven feet. [potion of
                  | mutation]
  1708 | D:3      | Gained mutation: You are robust. (+10% HP) [potion of
                  | mutation]
  1708 | D:3      | Gained mutation: You are strong-willed. (Will+) [potion of
                  | mutation]
  1711 | D:3      | Slain by a water moccasin

Illustrated notes

Levels and vault maps discovered:
D:1:      grunt_arrival_crossed_arrows, layout_rooms,
          minmay_misc_feat_diagonals, serial_bayou_lagoon_b
D:2:      layout_loops_ring, basic_altar, ebering_ecumenical_altar_box,
          minmay_tiny_reverse_x
D:3:      layout_basic, grunt_temple_overflow_open,
          mainiacjoe_overflow_cross_hatched, marbit_many_paths,
          kennysheep_cross_room, minmay_cut_off

Skill      XL: |  1  2  3 |
---------------+----------+-----
Fighting       | 4 |  4.4
Axes           | 3 |  3.8
Armour         | 4 |  4.1
Dodging        | |  0.1
Shields        | |  3.8

Action                     |  1- 3 |  4- 6 || total
---------------------------+-------+-------++-------
  Melee: War axe           |   102 |    66 ||   168
         Kick              |       |     2 ||     2
    Use: Potion            |       |     2 ||     2
         Scroll            |       |     1 ||     1
 Armour: Scale mail        |    98 |    14 ||   112
         Chain mail        |       |    27 ||    27
  Dodge: Dodged            |    72 |    62 ||   134
  Block: Buckler           |    38 |    22 ||    60
